AoeStats
← Khirs

Arena

505904311Analyzed
4v4 RM · 21d ago on Sep 11, 2026· 31m 18s· 8 players
Game mode
Random Map
Map size
Large (8 player)
Population
200
Speed
Normal
Resources
Standard
Victory
Conquest
Starting age
Dark Age
Ending age
Imperial Age
RankedLock teamsTeams togetherTeam positionsShared explorationLock speedFull tech treeHidden civsTurbo modeCheats
Victory
Defeat
🇧🇷 Malians · Brazil
953
+14
🇨🇳 Bohemians · China
906
+16
🇮🇳 Hindustanis · India
885
+17
🇨🇳 Bengalis · China
875
+18
🇪🇸 Cumans · Spain
944
-17
🇳🇱 Teutons · Netherlands
915
-16
🇩🇪 Goths · Germany
898
-16
🇪🇸 Chinese · Spain
894
-16
vrienden0
0:29 Loom
11:01 Feudal Age
11:37 Horse Collar
11:46 Double-Bit Axe
11:54 Gold Mining
16:19 Stone Mining
20:32 Castle Age
19:14 Forging
19:32 Fletching
20:27 Scale Mail Armor
20:35 Scale Barding Armor
21:24 Heavy Plow
21:36 Bow Saw
21:37 Bodkin Arrow
24:53 Iron Casting
26:08 Pikeman
26:48 Squires
27:39 Arson
28:17 Bloodlines
29:55 Chain Barding Armor
Khirs
0:46 Loom
12:27 Feudal Age
14:03 Horse Collar
14:11 Double-Bit Axe
21:23 Castle Age
19:36 Stone Mining
19:55 Fletching
21:13 Gold Mining
21:46 Scale Mail Armor
21:35 Crossbowman
22:24 Bodkin Arrow
22:21 Pikeman
23:27 Bow Saw
23:24 Heavy Plow
27:55 Ballistics
29:20 Padded Archer Armor
30:32 Gold Shaft Mining
30:13 Murder Holes
31:03 Masonry
33:59 Imperial Age
Sägewerk
0:29 Loom
11:32 Feudal Age
13:31 Wheelbarrow
17:53 Castle Age
17:49 Double-Bit Axe
17:46 Horse Collar
19:12 Husbandry
24:45 Bow Saw
24:05 Pikeman
28:19 Heavy Plow
30:36 Gold Mining
30:37 Stone Mining
Saoro
0:51 Loom
10:48 Feudal Age
13:18 Town Watch
16:25 Castle Age
14:19 Horse Collar
16:40 Double-Bit Axe
17:18 Heavy Plow
24:43 Pikeman
25:38 Forging
pickneo
9:51 Feudal Age
17:05 Castle Age
19:45 Double-Bit Axe
19:45 Horse Collar
29:49 Imperial Age
27:55 Treadmill Crane
28:26 Masonry
28:39 Gold Mining
28:41 Stone Mining
28:53 Heavy Plow
29:06 Bow Saw
29:57 Husbandry
30:07 Bloodlines
31:28 Loom
32:19 Wheelbarrow
31:30 Town Watch
meyerowitz
13:02 Feudal Age
18:01 Castle Age
16:18 Double-Bit Axe
16:15 Horse Collar
19:31 Bow Saw
19:22 Heavy Plow
21:54 Chemistry
24:31 Town Watch
27:19 Wheelbarrow
27:18 Loom
29:06 Hand Cart
34:14 Imperial Age
Boxster553
10:26 Feudal Age
14:48 Castle Age
13:22 Double-Bit Axe
15:37 Town Watch
16:08 Loom
17:10 Wheelbarrow
18:14 Horse Collar
18:53 Bow Saw
20:09 Heavy Plow
22:22 Gold Mining
25:17 Hand Cart
25:02 Town Patrol
26:39 Town Patrol
28:22 Stone Mining
29:09 Gold Shaft Mining
29:34 Bloodlines
29:25 Husbandry
29:37 Forging
29:35 Scale Barding Armor
30:43 Stone Shaft Mining
33:30 Imperial Age
HaweN
11:02 Feudal Age
16:18 Castle Age
14:58 Double-Bit Axe
15:57 Stone Mining
16:34 Gold Mining
18:58 Horse Collar
22:06 Loom
23:10 Arson
Connection lost

Rejoining the realm…

Still unreachable

The connection could not be restored.

Session expired

The server has moved on; the page needs a fresh start.